Map: Daybreak LE (Void)

Players

Neeb - Winner!

  • Race: Protoss Protoss
  • Spawn Location: 7:00

Zerghamdi

  • Race: Zerg Zerg
  • League: Master
  • Spawn Location: 1:00

Event: WESG 2016 Finals

VOD

Have the link to the VOD?

Description

Time

  • Played on: Jan. 13, 2017, 2:13 a.m.
  • Length: 10:26

All games in this series

Show
View Real Time Build Order
Export as new Build Order

Neeb Protoss - Winner!

Build Orders: 1 Gate Expand 

Get SALT Encoding   

  12  0:01  Probe (Chrono Boost)  
  13  0:11  Probe (Chrono Boost)  
  14  0:18  Pylon  
  14  0:22  Probe (Chrono Boost)  
  15  0:36  Probe (Chrono Boost)  
  15  0:39  Gateway  
  16  0:47  Probe (Chrono Boost)  
  17  0:56  Pylon  
  17  0:57  Probe (Chrono Boost)  
  18  1:08  Probe (Chrono Boost)  
  18  1:09  Assimilator  
  19  1:26  Nexus  
  19  1:28  Probe (Chrono Boost)  
  20  1:39  Cybernetics Core  
  20  1:42  Probe (Chrono Boost)  
  21  1:47  Assimilator  
  21  1:53  Probe (Chrono Boost)  
  22  1:56  Pylon  
  22  2:03  Probe (Chrono Boost)  
  23  2:08  Warp Gate  
  23  2:11  Adept  
  26  2:16  Probe (Chrono Boost)  
  26  2:28  Probe (Chrono Boost)  
  27  2:30  Twilight Council  
  27  2:36  Adept  
  27  2:38  Probe (Chrono Boost)  
  27  2:40  Probe (Chrono Boost)  
  31  2:49  Probe (Chrono Boost)  
  33  2:53  Probe (Chrono Boost)  
  33  2:54  Resonating Glaives  
  33  2:59  Probe (Chrono Boost)  
  33  3:02  Adept  
  33  3:05  Probe (Chrono Boost)  
  37  3:14  Probe (Chrono Boost)  
  37  3:17  Gateway  
  37  3:19  Gateway  
  38  3:25  Probe (Chrono Boost)  
  38  3:26  Probe (Chrono Boost)  
  40  3:29  Adept  
  40  3:33  Pylon  
  42  3:38  Probe (Chrono Boost)  
  44  3:42  Stargate  
  44  3:43  Probe (Chrono Boost)  
  44  3:47  Assimilator  
  45  3:50  Probe (Chrono Boost)  
  45  3:55  Probe (Chrono Boost)  
  46  3:56  Assimilator  
  46  4:02  Probe (Chrono Boost)  
  47  4:05  Pylon  
  48  4:11  Adept  
  48  4:12  Adept  
  48  4:14  Probe (Chrono Boost), Adept  
  54  4:22  Oracle  
  55  4:24  Probe (Chrono Boost)  
  55  4:26  Probe (Chrono Boost)  
  59  4:32  Pylon  
  59  4:36  Probe (Chrono Boost), Adept  
  59  4:37  Pylon  
  62  4:52  Probe (Chrono Boost)  
  61  4:56  Probe (Chrono Boost)  
  61  4:57  Fleet Beacon  
  61  4:58  Stargate  
  60  5:05  Adept x3  
  68  5:21  Probe (Chrono Boost)  
  68  5:22  Probe (Chrono Boost)  
  68  5:28  Nexus  
  68  5:35  Probe (Chrono Boost), Pylon  
  70  5:36  Probe (Chrono Boost)  
  70  5:37  Carrier  
  70  5:40  Pylon  
  70  5:43  Pylon  
  70  5:45  Carrier  
  81  6:01  Sentry  
  80  6:10  Probe (Chrono Boost)  
  71  6:15  Probe (Chrono Boost)  
  71  6:22  Probe (Chrono Boost)  
  72  6:27  Probe (Chrono Boost)  
  73  6:39  Protoss Air Weapons Level 1, Probe (Chrono Boost), Mothership Core (Chrono Boost)  
  76  6:42  Probe (Chrono Boost)  
  77  6:51  Carrier, Probe (Chrono Boost)  
  77  6:52  Probe (Chrono Boost)  
  79  6:59  Probe (Chrono Boost)  
  74  7:03  Probe (Chrono Boost)  
  74  7:04  Carrier  
  74  7:06  Probe (Chrono Boost)  
  76  7:11  Probe (Chrono Boost)  
  78  7:15  Probe (Chrono Boost)  
  78  7:16  Probe (Chrono Boost)  
  86  7:23  Probe (Chrono Boost)  
  86  7:26  Assimilator  
  86  7:27  Probe (Chrono Boost), Assimilator  
  86  7:28  Probe (Chrono Boost)  
  86  7:35  Probe (Chrono Boost)  
  85  7:37  Probe (Chrono Boost)  
  85  7:42  Probe (Chrono Boost)  
  93  7:44  Adept  
  93  7:45  Adept  
  93  7:48  Probe (Chrono Boost)  
  93  7:49  Probe (Chrono Boost)  
  97  7:55  Probe (Chrono Boost), Adept  
  101  7:59  Probe (Chrono Boost)  
  101  8:00  Probe (Chrono Boost)  
  101  8:03  Graviton Catapult  
  103  8:07  Probe (Chrono Boost)  
  103  8:08  Carrier  
  103  8:10  Probe (Chrono Boost)  
  103  8:12  Probe (Chrono Boost)  
  104  8:19  Probe (Chrono Boost)  
  111  8:20  Probe (Chrono Boost)  
  111  8:24  Forge, Probe (Chrono Boost)  
  113  8:27  Pylon  
  113  8:33  Carrier  
  113  8:41  Pylon  
  113  8:42  Pylon  
  113  8:45  Pylon  
  119  8:52  Stargate  
  119  9:01  Sentry  
  119  9:02  Adept x2  
  125  9:16  Pylon  
  125  9:18  Probe (Chrono Boost)  
  125  9:19  Probe x2 (Chrono Boost), Pylon  
  128  9:30  Pylon  
  137  9:38  Adept  
  137  9:39  Adept x2  
  137  9:41  Photon Cannon  
  143  9:59  Nexus  
  149  10:01  Pylon  
  147  10:13  Probe (Chrono Boost)  
  147  10:14  Probe (Chrono Boost)  
  137  10:19  Adept x3  
Show
View Real Time Build Order
Export as new Build Order

Zerghamdi Zerg 

Build Orders: Hatch First 

Get SALT Encoding   

  12  0:01  Drone  
  13  0:12  Overlord  
  13  0:17  Drone  
  14  0:31  Drone x2  
  16  0:37  Drone  
  17  0:52  Hatchery  
  17  0:55  Drone  
  17  0:59  Drone  
  18  1:13  Extractor  
  18  1:15  Spawning Pool  
  16  1:19  Drone  
  17  1:26  Drone  
  17  1:29  Drone  
  19  1:52  Drone x2  
  21  2:03  Queen  
  21  2:05  Queen, Overlord  
  25  2:10  Zergling x2  
  25  2:12  Drone  
  25  2:15  Metabolic Boost  
  27  2:18  Drone  
  28  2:24  Zergling x2  
  29  2:32  Zergling x2  
  29  2:34  Drone  
  31  2:45  Hatchery  
  31  2:47  Drone  
  31  2:48  Drone  
  32  2:55  Queen  
  34  3:01  Drone x2  
  36  3:09  Spore Crawler  
  34  3:14  Overlord  
  34  3:17  Evolution Chamber  
  34  3:19  Drone x2  
  36  3:24  Overlord x2  
  36  3:34  Drone x4  
  36  3:36  Zergling x2  
  41  3:45  Drone x2  
  43  3:49  Drone x2, Zerg Melee Weapons Level 1, Extractor  
  43  3:53  Zergling x4  
  44  3:59  Queen  
  44  4:01  Drone  
  47  4:06  Baneling Nest  
  46  4:12  Drone x3  
  49  4:17  Zergling x2  
  49  4:18  Zergling x6  
  49  4:20  Drone  
  49  4:24  Overlord  
  54  4:31  Spore Crawler  
  54  4:32  Spore Crawler  
  54  4:33  Zergling x4  
  54  4:34  Zergling x2  
  55  4:40  Zergling x6  
  55  4:44  Zergling x4  
  60  4:49  Zergling x6  
  60  4:52  Zergling x2  
  60  4:55  Zergling x4  
  60  4:57  Zergling x2  
  60  4:59  Zergling x2  
  58  5:00  Zergling x2  
  57  5:08  Lair  
  57  5:09  Zergling x4  
  58  5:15  Drone  
  58  5:16  Queen  
  61  5:26  Drone x4  
  61  5:27  Drone  
  66  5:30  Spore Crawler  
  66  5:32  Baneling x4  
  66  5:33  Baneling  
  65  5:41  Drone x2  
  65  5:42  Drone  
  64  5:50  Drone x6  
  64  5:56  Overlord  
  68  6:10  Drone x2  
  68  6:13  Extractor  
  68  6:14  Zergling x12  
  67  6:20  Drone x4  
  67  6:21  Extractor  
  67  6:22  Extractor  
  67  6:25  Extractor  
  66  6:26  Drone x3  
  66  6:28  Centrifical Hooks  
  66  6:30  Hydralisk Den  
  68  6:35  Baneling x7  
  68  6:36  Baneling, Zergling x4  
  68  6:37  Zergling x2  
  71  6:40  Zergling x4  
  71  6:44  Drone  
  74  6:53  Drone x5  
  72  7:04  Zergling x10  
  72  7:05  Zergling x2  
  72  7:14  Muscular Augments  
  69  7:18  Drone x4  
  69  7:26  Drone x8  
  69  7:27  Drone  
  77  7:42  Drone x2  
  79  7:44  Overlord  
  79  7:46  Hydralisk  
  79  7:50  Overlord x2  
  79  7:51  Drone  
  81  8:12  Hydralisk x5, Hatchery  
  78  8:13  Hydralisk x4  
  78  8:17  Baneling  
  78  8:18  Baneling x3  
  96  8:20  Drone x2  
  96  8:21  Overlord  
  98  8:34  Overlord x2  
  98  8:38  Hydralisk  
  100  8:41  Hydralisk x3  
  100  8:44  Overseer  
  100  8:48  Overlord x3  
  106  8:52  Hydralisk x3  
  106  8:54  Hydralisk  
  114  8:57  Zergling x2  
  114  8:58  Zergling x2  
  115  9:03  Hydralisk x2  
  115  9:04  Hydralisk  
  115  9:09  Hydralisk x2  
  123  9:13  Hydralisk  
  123  9:14  Hydralisk  
  128  9:18  Hydralisk x2  
  128  9:21  Hydralisk  
  128  9:23  Hydralisk  
  136  9:26  Hydralisk  
  136  9:30  Hydralisk x2  
  142  9:36  Overlord, Queen  
  144  9:42  Baneling x4  
  144  9:43  Hydralisk x2  
  148  9:50  Hydralisk x2  
  140  9:52  Overlord  
  140  9:53  Overlord  
  140  9:58  Overseer x3  
  140  9:59  Overseer  
  122  10:00  Hydralisk  
  122  10:01  Hydralisk  
Tags
 
Add a new tag
Caveats
  • Supply blocks, unpowered buildings, or Contaminate may cause inaccurate times.
  • Supply counts are checked every 10 seconds.